 Dungeon Crawl Stone Soup version 0.31.0-11-ge490571c62 (webtiles) character file.

Game seed: 11199159951932666808

1250 sanka the Covert (level 8, 0/58 HPs)
             Began as a Spriggan Enchanter on Jan 27, 2024.
             Succumbed to a water moccasin's poison
             ... on level 7 of the Dungeon.
             The game lasted 00:09:49 (6191 turns).

sanka the Covert (Spriggan Enchanter)               Turns: 6191, Time: 00:09:49

Health: 0/58       AC:  5    Str:  4    XL:     8   Next: 26%
Magic:  22/24      EV: 19    Int: 16    God:
Gold:   348        SH:  0    Dex: 18    Spells: 7/15 levels left

rFire   . . .        a - +1 dagger
rCold   . . .        (no shield)
rNeg    + . .        D - +0 steam dragon scales
rPois   .            (helmet restricted)
rElec   .            (no cloak)
rCorr   .            (gloves unavailable)
SInv    +            (boots unavailable)
Will    +....        C - amulet of faith Stlth
                     q - ring of magical power
HPRegen 0.29/turn    o - ring of positive energy
MPRegen 0.19/turn

%: faith
@: berserking, lethally poisoned (0 -> -14), confusing by touch, very quick
A: very small, no large weapons, unfitting armour, see invisible, speed 3
a: no special abilities


You were on level 7 of the Dungeon.
You visited 1 branch of the dungeon, and saw 7 of its levels.

You collected 348 gold pieces.


Innate Abilities, Weirdness & Mutations

You are very small and have problems with some larger weapons.
You are too small for most types of armour.
You have supernaturally acute eyesight. (SInv)
You cover ground extremely quickly. (Speed+++)


   Skills:
 + Level 2.2 Fighting
 - Level 5.0 Short Blades
 + Level 4.8 Dodging
 - Level 8.0 Stealth
 - Level 4.0 Spellcasting
 - Level 8.0 Hexes


You had 7 spell levels left.
You knew the following spells:

 Your Spells              Type           Power      Damage    Failure   Level
y - Dazzling Flash        Conj/Hex       32%        N/A       10%         3
z - Ensorcelled Hibernat  Hex/Ice        32%        N/A       4%          2
Z - Confusing Touch       Hex            28%        N/A       1%          3

Your spell library contained the following spells:

 Spells                   Type           Power      Damage    Failure   Level
 Tukima's Dance           Hex            28%        N/A       1%          3
 Sublimation of Blood     Necr           3%         N/A       26%         2
 Petrify                  Alch/Erth      3%         N/A       86%         4
 Vhi's Electric Charge    Tloc/Air       6%         N/A       86%         4
 Arcjolt                  Conj/Air       1%         1d11      99%         5
 Irradiate                Conj/Alch      1%         3d12      99%         5
 Plasma Beam              Fire/Air       1%         2x1d11    100%        6

Inventory:

Hand Weapons
 a - a +1 dagger (weapon)
 y - a +1 dagger of chaos
Armour
 D - +0 steam dragon scales (worn)
Magical Staves
 j - a staff of air
Jewellery
 o - a ring of positive energy (right hand)
 q - a ring of magical power (left hand)
 C - an amulet of faith (around neck)
 E - a ring of fire
Talismans
 F - a serpent talisman
Wands
 w - a wand of roots (9)
Scrolls
 b - a scroll of noise {unknown}
 e - a scroll of fear {unknown}
 g - a scroll of amnesia {unknown}
 h - a scroll of immolation {unknown}
 i - a scroll of blinking {unknown}
 k - 5 scrolls of identify {unknown}
 m - 5 scrolls of poison {unknown}
 n - 2 scrolls of enchant weapon {unknown}
 t - 2 scrolls of enchant armour {unknown}
 u - 3 scrolls of revelation {unknown}
 B - a scroll of vulnerability {unknown}
Potions
 c - 5 potions of invisibility
 d - a potion of enlightenment {unknown}
 f - 3 potions of heal wounds {unknown}
 l - a potion of cancellation {unknown}
 p - a potion of might {unknown}
 r - 2 potions of mutation {unknown}
 s - a potion of ambrosia {unknown}
 v - 2 potions of berserk rage {!q}
 x - a potion of curing {unknown}
 z - a potion of magic {unknown}
 A - 2 potions of attraction {unknown}

Dungeon Overview and Level Annotations

Branches:
Dungeon (7/15)
 Temple: D:4-7

Altars:
Ashenzari
Dithmenos
Makhleb
Nemelex Xobeh
Sif Muna
Xom
Zin
The Shining One

▒ ▒.▒.▒▒.........▒▒.▒▒▒▒▒.▒▒▒▒▒▒▒
▒▒▒.▒.▒..........................
......▒..▒▒▒▒▒+▒..▒.▒▒▒▒▒.▒▒▒▒▒▒▒
▒▒▒.▒▒▒..▒ ▒.▒..▒.▒▒ ▒.▒ ▒.▒▒▒..▒
▒.▒▒.▒<.▒ ▒.▒ ▒......▒▒▒
▒..>.▒..▒ ▒.▒ ▒▒▒▒▒▒.▒.▒
▒▒▒▒▒▒..▒ ▒.▒
▒▒▒▒▒▒▒▒.▒)▒▒▒▒▒▒▒▒..▒ ▒.▒
.........▒......iSf..▒ ▒.▒
▒▒▒▒...▒▒▒.▒▒▒▒▒▒▒▒▒.▒ ▒.▒ ▒...▒
▒.▒ ▒.▒ ▒.▒ ▒▒▒▒▒ ▒.▒ ▒.▒ ▒.▒ ▒.▒
▒.▒ ▒.▒ ▒.▒ ▒.▒ ▒.▒ ▒▒▒▒▒▒▒▒'▒▒
▒.▒ ▒.▒ ▒....>....▒▒▒▒▒▒▒▒.▒ ▒.▒
▒.........'........▒ ▒.▒


You could see a water moccasin and a sleepcap.


Message History

You closely miss the water moccasin. The water moccasin bites you!
* * * LOW HITPOINT WARNING * * *
You are poisoned.
The water moccasin poisons you!
The water moccasin completely misses you.
You closely miss the water moccasin.
* * * LOW HITPOINT WARNING * * *
You feel very sick. The water moccasin bites you.
* * * LOW HITPOINT WARNING * * *
You are lethally poisoned!
The water moccasin poisons you!
You hit the water moccasin but do no damage.
* * * LOW HITPOINT WARNING * * *
You feel very sick. The water moccasin bites you.
* * * LOW HITPOINT WARNING * * *
* * * LOW HITPOINT WARNING * * *
You feel very sick.
It was a potion of berserk rage.
A red film seems to cover your vision as you go berserk!
You feel yourself moving faster!
You feel mighty!
* * * LOW HITPOINT WARNING * * *
You feel very sick. The water moccasin misses you.
Unknown command.
You barely miss the water moccasin.
You die...

Action                     |  1- 3 |  4- 6 |  7- 9 || total
---------------------------+-------+-------+-------++-------
  Melee: Dagger            |   141 |   145 |    55 ||   341
         Punch             |     1 |       |       ||     1
   Cast: Ensorcelled Hiber |     8 |    22 |    39 ||    69
         Confusing Touch   |       |     2 |     4 ||     6
    Use: Potion            |       |       |     1 ||     1
   Stab: Sleeping          |    13 |    28 |    22 ||    63
         Confused          |       |     1 |     3 ||     4
 Armour: Robe              |    30 |    28 |    15 ||    73
         Steam dragon scal |       |       |    12 ||    12
  Dodge: Dodged            |   128 |    83 |    63 ||   274

Levels and vault maps discovered:
D:1:      lightli_arrival_maybe_door_vault, layout_basic,
          hellmonk_ecumenical_altar_inner_sanctum
D:2:      layout_basic, serial_curves, eino_curves_04, eino_curves_04,
          minmay_heptomino_l4
D:3:      layout_basic, kennysheep_generic_room_8
D:4:      layout_loops_ring, grunt_temple_overflow_champion_of_chaos,
          chequers_temple_overflow_statue_of_worship,
          nicolae_dithmenos_the_darkroom
D:5:      layout_rooms, minmay_temple_entry_nine_rooms, grunt_tough_drop
D:6:      layout_loops_ring, serial_shops, nicolae_shop_behind_doors, shop,
          nicolae_shop_tiny_waterfront, nicolae_lakefront_shop, shop,
          guppyfry_shop_venom, uniq_grinder
D:7:      layout_basic, gammafunk_temple_overflow_elements,
          kennysheep_small_spiral

Notes
Turn   | Place    | Note
-------+----------+-------------------------------------------
     0 | D:1      | sanka the Spriggan Enchanter began the quest for the Orb.
     0 | D:1      | Reached XP level 1. HP: 9/9 MP: 5/5
   110 | D:1      | Reached skill level 2 in Short Blades
   120 | D:1      | Reached XP level 2. HP: 13/13 MP: 6/6
   413 | D:1      | Reached skill level 3 in Short Blades
   569 | D:1      | Found a faded altar of an unknown god.
   667 | D:1      | Reached XP level 3. HP: 16/16 MP: 8/8
   861 | D:1      | Learned a level 3 spell: Confusing Touch
   864 | D:1      | Learned a level 2 spell: Ensorcelled Hibernation
  1248 | D:2      | Reached skill level 4 in Short Blades
  1503 | D:2      | Reached XP level 4. HP: 21/21 MP: 9/9
  2844 | D:3      | Reached skill level 5 in Short Blades
  3327 | D:4      | Found a shadowy altar of Dithmenos.
  3408 | D:4      | Noticed a scorpion
  3415 | D:4      | Killed a scorpion
  3416 | D:4      | Reached skill level 6 in Stealth
  3416 | D:4      | Reached XP level 5. HP: 24/24 MP: 10/10
  3537 | D:4      | Noticed a phantom
  3573 | D:4      | Killed a phantom
  3574 | D:4      | Reached skill level 7 in Stealth
  3693 | D:4      | Reached XP level 6. HP: 15/28 MP: 11/11
  3794 | D:4      | Found a broken altar of Ashenzari.
  3795 | D:4      | Found a glowing silver altar of Zin.
  3796 | D:4      | Found a glowing golden altar of the Shining One.
  3817 | D:4      | Reached skill level 8 in Stealth
  3817 | D:4      | Reached skill level 3 in Spellcasting
  3817 | D:4      | Reached skill level 4 in Hexes
  3969 | D:4      | Found a shimmering altar of Xom.
  3970 | D:4      | Found a burning altar of Makhleb.
  4140 | D:5      | Entered Level 5 of the Dungeon
  4142 | D:5      | Reached skill level 4 in Spellcasting
  4142 | D:5      | Reached skill level 5 in Hexes
  4155 | D:5      | Identified the +0 trident of the Establishment {protect,
                  | rN++ Int+2}
  4186 | D:5      | Reached XP level 7. HP: 32/32 MP: 14/14
  4382 | D:5      | Reached skill level 6 in Hexes
  4562 | D:5      | Learned a level 3 spell: Dazzling Flash
  4801 | D:7      | Reached skill level 7 in Hexes
  4952 | D:7      | Found a sparkling altar of Nemelex Xobeh.
  4952 | D:7      | Found a shimmering blue altar of Sif Muna.
  5042 | D:7      | Noticed a steam dragon
  5076 | D:7      | Killed a steam dragon
  5076 | D:7      | Identified +0 steam dragon scales
  5077 | D:7      | Reached skill level 8 in Hexes
  5077 | D:7      | Reached skill level 3 in Dodging
  5080 | D:7      | Reached skill level 1 in Fighting
  5080 | D:7      | Reached XP level 8. HP: 37/37 MP: 15/15
  5498 | D:7      | Reached skill level 4 in Dodging
  5916 | D:6      | Reached skill level 2 in Fighting
  6190 | D:7      | HP: 2/58 [poisoned by a water moccasin]
  6191 | D:7      | Succumbed to a water moccasin's poison

Vanquished Creatures
  A steam dragon (D:7)
  A black bear (D:4)
  An ice beast (D:6)
  A sky beast (D:7)
  A centaur (D:5)
  2 phantoms
  2 scorpions
  A crimson imp (D:4)
  2 orc priests (D:5)
  A hound (D:5)
  A jelly (D:7)
  A gnoll bouda (D:7)
  4 iguanas
  5 gnolls (D:7)
  7 adders
  A ribbon worm (D:2)
  3 dart slugs
  7 orcs
  8 ball pythons
  10 bats
  5 endoplasms
  3 giant cockroaches
  3 goblins
  13 hobgoblins
  8 jackals
  A quokka (D:1)
  4 frilled lizards
  9 kobolds
  9 rats
115 creatures vanquished.
